AoeStats
← MHR.MK

Fortress

510038548Analyzed
4v4 RM · 3d ago on Sep 29, 2026· 20m 37s· 8 players
Game mode
Random Map
Map size
Huge
Population
200
Speed
Normal
Resources
Standard
Victory
Conquest
Starting age
Dark Age
Ending age
Imperial Age
RankedLock teamsTeams togetherTeam positionsShared explorationLock speedFull tech treeHidden civsTurbo modeCheats
Victory
Defeat
🇨🇱 Portuguese · Chile
879
+7
🇨🇱 Khmer · Chile
783
+10
🇺🇸 Danes · United States
601
+17
🇲🇽 Japanese · Mexico
479
+21
🇨🇳 Goths · China
689
-16
🇲🇽 Khmer · Mexico
671
-15
🇦🇷 Spanish · Argentina
607
-13
🇵🇪 Franks · Peru
566
-11
murphyrh
7:47 Feudal Age
13:04 Castle Age
11:26 Loom
11:34 Double-Bit Axe
11:32 Horse Collar
12:07 Gold Mining
12:26 Stone Mining
$$El TinkiWinki$$
2:09 Loom
7:00 Feudal Age
8:24 Double-Bit Axe
8:25 Horse Collar
13:43 Wheelbarrow
14:07 Town Watch
16:38 Castle Age
RYOUSHI HAN
7:43 Feudal Age
9:29 Double-Bit Axe
11:31 Loom
16:45 Castle Age
18:58 Scale Mail Armor
19:11 Forging
20:39 Horse Collar
MHR.MK
7:52 Feudal Age
9:55 Loom
15:02 Castle Age
14:43 Wheelbarrow
18:18 Hand Cart
Yogurt 501
9:16 Feudal Age
14:09 Castle Age
13:32 Horse Collar
15:02 Double-Bit Axe
Stephani Gotica
6:19 Feudal Age
7:32 Loom
10:13 Castle Age
8:23 Double-Bit Axe
9:38 Horse Collar
17:34 Scale Barding Armor
17:32 Scale Mail Armor
20:26 Wheelbarrow
20:44 Chain Mail Armor
dOlebriO
8:10 Feudal Age
7:03 Loom
13:22 Castle Age
12:59 Double-Bit Axe
12:57 Horse Collar
15:49 Wheelbarrow
15:48 Bow Saw
18:00 Heavy Plow
19:10 Gambesons
18:46 Man-at-Arms
19:12 Arson
20:08 Scale Mail Armor
MartyIgnacio
5:17 Loom
7:51 Feudal Age
11:39 Castle Age
9:47 Horse Collar
10:19 Double-Bit Axe
10:29 Gold Mining
13:55 Scale Barding Armor
19:11 Chain Barding Armor
Connection lost

Rejoining the realm…

Still unreachable

The connection could not be restored.

Session expired

The server has moved on; the page needs a fresh start.